 Dungeon Crawl Stone Soup version 0.25-a0-21-ga5a8db46c7 (webtiles) character file.

Game seed: 43879754631262100, levelgen mode: deterministic

585 Arixos the Skirmisher (level 7, 55/55 HPs)
             Began as a Demonspawn Fighter on Oct 16, 2019.
             Quit the game on level 5 of the Dungeon.
             The game lasted 00:13:31 (4135 turns).

Arixos the Skirmisher (Demonspawn Fighter)          Turns: 4135, Time: 00:13:32

Health: 55/55      AC: 10    Str: 18    XL:     7   Next: 14%
Magic:  7/7        EV:  9    Int: 10    God:
Gold:   119        SH:  9    Dex: 12    Spells: 6/6 levels left

rFire    . . .     SeeInvis .   n - +0 dagger (distort)
rCold    . . .     Gourm    .   b - +0 shield
rNeg     + . .     Faith    .   a - +0 scale mail
rPois    .         Spirit   .   (no helmet)
rElec    .         Reflect  .   (no cloak)
rCorr    .         Harm     .   (no gloves)
MR       .....                  j - +0 pair of boots
Stlth    ..........             e - amulet of magic regeneration
HPRegen  0.18/turn              x - ring of positive energy
MPRegen  0.35/turn              s - ring of attention (curse)

@: no status effects
A: hooves 1, iridescent scales 1, demonic guardian 1, powered by death 1
a: no special abilities


You were on level 5 of the Dungeon.
You were very hungry.

You visited 1 branch of the dungeon, and saw 5 of its levels.

You collected 119 gold pieces.

Inventory:

Hand Weapons
 n - a +0 dagger of distortion (weapon)
Missiles
 t - 13 poisoned darts (quivered)
Armour
 a - a +0 scale mail (worn)
 b - a +0 shield (worn)
 j - a +0 pair of boots (worn)
Jewellery
 e - an amulet of magic regeneration (around neck)
 q - an uncursed ring of ice
 s - a cursed ring of attention (right hand)
 x - a ring of positive energy (left hand)
Wands
 c - a wand of disintegration (12)
Scrolls
 g - 3 scrolls of remove curse {unknown}
 k - 2 scrolls of enchant weapon {unknown}
 m - 4 scrolls of teleportation {unknown}
 o - 3 scrolls of immolation {unknown}
 p - a scroll of blinking {unknown}
 r - 2 scrolls of magic mapping {unknown}
 u - a scroll of identify {unknown}
Potions
 f - a potion of degeneration {unknown}
 l - 2 potions of agility {unknown}
 v - a potion of might
 w - a potion of mutation {unknown}
Comestibles
 d - 15 rations


   Skills:
 + Level 4.8 Fighting
 + Level 4.3 Armour
 + Level 3.2 Dodging
 + Level 4.3 Shields
 - Level 1.7 Unarmed Combat


You had 6 spell levels left.
You didn't know any spells.
Your spell library contained the following spells:

 Spells                   Type           Power        Failure   Level  Hunger
 Magic Dart               Conj           #...         99%         1    ##.....
 Blink                    Tloc           N/A          100%        2    ###....
 Call Imp                 Summ           #.......     100%        2    ###....
 Slow                     Hex            #.......     100%        2    ###....
 Conjure Flame            Conj/Fire      #.......     100%        3    ####...
 Mephitic Cloud           Conj/Pois/Air  #.......     100%        3    ####...


Dungeon Overview and Level Annotations

Branches:
Dungeon (5/15)
 Temple: D:4-7

Altars:
Nemelex Xobeh

Annotations:
Abyss:1 Crazy Yiuf, Robin


Innate Abilities, Weirdness & Mutations

You have large cloven feet.
You are partially covered in iridescent scales. (AC +2)
A weak demonic guardian rushes to your aid.
You regenerate a little health from kills.


Message History

You catch the helpless killer bee completely off-guard!
You hit the killer bee.
You kill the killer bee!
You start resting.
Your quasit disappears in a puff of smoke!
Your extra speed is starting to run out.
You start resting.
You feel yourself slow down.
You start resting.
You are feeling very hungry.
You start resting.
HP restored.
You feel more attuned to ice.
q - a ring of ice (left hand) Oops, that ring feels deathly cold.
s - a cursed ring of attention (right hand)
You remove your ring of ice.
x - a ring of positive energy (left hand)
Okay, then.
Are you sure you want to abandon this character and quit the game? (Confirm with "yes".)

#.... .. .###+#....
.#
.........###.####..
#........#....'....
#........#....#
#........#.[..#
#........')...# ..
#........#....# ...
..).....@########'##
.#######............
#............
#............
#............
#............
#.....###+#####
#.....#.......#
######.....#.......#


There were no monsters in sight!

Vanquished Creatures
  An ogre (D:4)
  A scorpion (D:4)
  2 killer bees (D:5)
  Ijyb (D:3)
  Natasha (D:3)
  An orc wizard (D:4)
  3 gnolls (D:3)
  3 adders
  A leopard gecko (D:2)
  7 orcs
  9 bats
  9 hobgoblins
  6 kobolds
  4 frilled lizards
  13 goblins
  10 rats
72 creatures vanquished.

Vanquished Creatures (collateral kills)
  Sigmund (D:3)
  An ogre (D:5)
  A killer bee (D:5)
3 creatures vanquished.

Vanquished Creatures (others)
  An adder (D:2)
  An orc (D:3)
  A goblin (D:4)
3 creatures vanquished.

Grand Total: 78 creatures vanquished

Notes
Turn   | Place    | Note
-------+----------+-------------------------------------------
     0 | D:1      | Arixos the Demonspawn Fighter began the quest for the Orb.
     0 | D:1      | Reached XP level 1. HP: 18/18 MP: 1/1
   225 | D:1      | Gained mutation: You regenerate a little health from kills.
                  | [demonic ancestry]
   225 | D:1      | Reached XP level 2. HP: 23/24 MP: 2/2
   716 | D:2      | Reached skill level 1 in Dodging
   761 | D:2      | Reached XP level 3. HP: 28/29 MP: 3/3
   843 | D:2      | Found a runed translucent door.
   844 | D:2      | Noticed Crazy Yiuf
  1306 | D:2      | Banished Crazy Yiuf
  1306 | D:2      | Gained mutation: A weak demonic guardian rushes to your
                  | aid. [demonic ancestry]
  1306 | D:2      | Reached XP level 4. HP: 29/35 MP: 4/4
  1479 | D:3      | Noticed Ijyb
  1488 | D:3      | Killed Ijyb
  1812 | D:3      | Noticed Robin
  1828 | D:4      | Banished Robin
  2039 | D:3      | Gained mutation: You are partially covered in iridescent
                  | scales. (AC +2) [demonic ancestry]
  2039 | D:3      | Reached XP level 5. HP: 37/42 MP: 5/5
  2454 | D:3      | Noticed Natasha
  2681 | D:3      | Noticed Sigmund
  2792 | D:3      | Killed Natasha
  2797 | D:3      | Killed Sigmund
  2797 | D:3      | Reached XP level 6. HP: 36/48 MP: 6/6
  2902 | D:4      | Found a sparkling altar of Nemelex Xobeh.
  3760 | D:5      | Entered Level 5 of the Dungeon
  3879 | D:5      | Gained mutation: You have large cloven feet. [demonic
                  | ancestry]
  3879 | D:5      | Reached XP level 7. HP: 26/55 MP: 7/7
  4135 | D:5      | Quit the game

Levels and vault maps discovered:
D:1:      dpeg_arrival_connections, layout_loops_ring, minmay_strange_pillars
D:2:      layout_basic, first_ration, uniq_crazy_yiuf_cottage
D:3:      layout_basic, uniq_robin, uniq_natasha, uniq_sigmund, uniq_ijyb
D:4:      layout_basic, nemelex_xobeh_ov_fountains_minmay
D:5:      layout_gridville

Skill      XL: |  1  2  3  4  5  6 |
---------------+-------------------+-----
Armour         | 3 4 |  4.3
Shields        | 3 4 |  4.3
Dodging        | 1 2 3 |  3.2
Fighting       | 4 |  4.8
Unarmed Combat | |  1.7

Action                   |  1- 3 |  4- 6 |  7- 9 || total
-------------------------+-------+-------+-------++-------
Melee: Dagger            |   140 |   156 |    19 ||   315
       Unarmed           |     9 |       |       ||     9
  Use: Potion            |       |     1 |     4 ||     5
 Stab: Distracted        |       |       |     1 ||     1
  Eat: Chunk             |     1 |     8 |       ||     9
Armor: Scale mail        |    68 |    63 |    13 ||   144
Dodge: Dodged            |    61 |    51 |    17 ||   129
Block: Shield            |    66 |    70 |    21 ||   157

Table legend:
 A = Non-vault XP
 B = Vault XP
 C = Vault XP percentage of total XP
 D = Non-vault monster count
 E = Vault monster count
 F = Vault count percentage of total count
                 A         B        C        D         E       F
            +---------+---------+-------+---------+---------+-------
      Total |     576 |     260 |  31.1 |      63 |      17 |  21.2
            +---------+---------+-------+---------+---------+-------
        D:1 |      34 |       0 |   0.0 |      22 |       0 |   0.0
        D:2 |      34 |      29 |  46.0 |      12 |       1 |   7.7
        D:3 |      63 |     203 |  76.3 |      14 |       6 |  30.0
        D:4 |     248 |      28 |  10.1 |       9 |      10 |  52.6
        D:5 |     197 |       0 |   0.0 |       6 |       0 |   0.0
            +---------+---------+-------+---------+---------+-------
